 Dungeon Crawl Stone Soup version 0.31-a0-1-g4198be8af4 (webtiles) character file.

Game seed: 7629474095373939158

2594 Sabo the Basher (level 9, 0/69 HPs)
             Began as a Formicid Fighter on May 1, 2023.
             Was an Initiate of Dithmenos.
             Slain by a wight
             ... wielding a +0 halberd
              (11 damage)
             ... on level 7 of the Dungeon.
             The game lasted 00:34:39 (6146 turns).

Sabo the Basher (Formicid Fighter)                  Turns: 6146, Time: 00:34:40

Health: 0/69       AC: 38    Str: 23    XL:     9   Next: 89%
Magic:  9/9        EV:  4    Int:  8    God:    Dithmenos [......]
Gold:   167        SH:  5    Dex: 15    Spells: 8/8 levels left

rFire   x . .        k - +7 hammer of the Revolution {speed, rPois}
rCold   . . .        c - +0 buckler
rNeg    + + .        e - +17 crystal plate armour "Taocim" {+Blink rF- rN++ rCorr}
rPois   +            (helmet unavailable)
rElec   .            m - +0 cloak
rCorr   +            (no gloves)
SInv    +            a - +0 pair of boots
Will    .....        j - amulet of regeneration Stlth
                     (no ring)
HPRegen 1.11/turn    (no ring)
MPRegen 0.11/turn

%: no passive effects
@: no status effects
A: permanent stasis, dig shafts and tunnels, antennae 3, four strong arms
a: Dig, Shaft Self, Renounce Religion


You were on level 7 of the Dungeon.
You worshipped Dithmenos.
Dithmenos was noncommittal.
You visited 1 branch of the dungeon, and saw 7 of its levels.

You collected 237 gold pieces.
You spent 70 gold pieces at shops.

Inventory:

Hand Weapons
 k - the +7 hammer of the Revolution (weapon) {speed, rPois}
   (You found it on level 2 of the Dungeon)

   rPois:     It protects you from poison.
 l - a +2 quarterstaff of chaos
Missiles
 n - a throwing net
 r - 10 poisoned darts
Armour
 a - a +0 pair of boots (worn)
 c - a +0 buckler (worn)
 e - the +17 crystal plate armour "Taocim" (worn) {+Blink rF- rN++ rCorr}
   (You acquired it on level 1 of the Dungeon)

   rF:        It makes you vulnerable to fire.
   rN:        It greatly protects you from negative energy.
   +Blink:    It lets you blink.
   rCorr:     It protects you from acid and corrosion.
 m - a +0 cloak (worn)
Jewellery
 j - an amulet of regeneration (around neck)
Wands
 p - a wand of light (8)
 u - a wand of polymorph (12)
Scrolls
 b - 2 scrolls of fog
 f - a scroll of poison
 i - 2 scrolls of fear
 q - 2 scrolls of magic mapping
 t - a scroll of blinking {unknown}
 v - a scroll of amnesia {unknown}
 w - a scroll of enchant weapon {unknown}
Potions
 d - 2 potions of might
 g - 2 potions of berserk rage {unknown}
 h - a potion of resistance {unknown}
 x - 2 potions of curing
 z - a potion of mutation {unknown}
 A - a potion of haste {unknown}
 B - a potion of invisibility {unknown}
 C - a potion of brilliance


   Skills:
 + Level 6.0 Fighting
 + Level 4.0(7.0) Axes
 + Level 9.0(9.4) Maces & Flails
 + Level 7.1 Armour
 + Level 1.0 Stealth
 + Level 5.9 Shields


You had 8 spell levels left.
You didn't know any spells.
Your spell library contained the following spells:

 Spells                   Type           Power      Damage    Failure   Level
 Magic Dart               Conj           0%         1d3       100%        1
 Slow                     Hex            0%         N/A       100%        1
 Searing Ray              Conj           0%         2d4       100%        2
 Confusing Touch          Hex            0%         N/A       100%        3
 Stone Arrow              Conj/Erth      0%         3d7       100%        3
 Vampiric Draining        Necr           0%         2d6       100%        3
 Animate Armour           Summ/Erth      0%         N/A       100%        4
 Fulminant Prism          Conj/Hex       0%         3d5       100%        4
 Lehudib's Crystal Spear  Conj/Erth      0%         10d2      100%        8


Dungeon Overview and Level Annotations

Branches:
Dungeon (7/15)
 Temple: D:4-7

Altars:
Dithmenos
Elyvilon
Fedhas
Nemelex Xobeh
Qazlal
Trog
Uskayaw
Wu Jian
Zin
The Shining One

Shops:
D:2 *


Innate Abilities, Weirdness & Mutations

You cannot be hasted, slowed, berserked, paralysed or teleported.
You can dig through walls and to a lower floor.
You have a pair of large antennae on your head. (SInv)
Your four strong arms can wield two-handed weapons with a shield.


Message History

You hit the fire elemental.
The fire elemental is lightly damaged.
You closely miss the fire elemental.
The fire elemental is lightly damaged.
The fire elemental hits you. The fire elemental burns you!
The fire burns you terribly!
You miss the fire elemental.
The fire elemental is lightly damaged.
You block the fire elemental's attack.
You closely miss the fire elemental.
The fire elemental is lightly damaged.
The fire elemental hits you. The fire elemental burns you!
The fire burns you terribly!
You barely miss the fire elemental.
The fire elemental is lightly damaged.
The fire elemental hits you. The fire elemental burns you!
The fire burns you terribly! The wight hits you but does no damage.
You hit the fire elemental.
The fire elemental is moderately damaged.
The fire elemental hits you. The fire elemental burns you!
The fire burns you terribly!
* * * LOW HITPOINT WARNING * * *
You sock the fire elemental!
The fire elemental is heavily damaged.
The wight hits you but does no damage.
The deep elf pyromancer casts a spell.
The deep elf pyromancer blinks!
The fire elemental hits you. The fire elemental burns you!
* * * LOW HITPOINT WARNING * * *
You feel much better. The fire elemental hits you.
The fire elemental burns you! The fire burns you terribly!
* * * LOW HITPOINT WARNING * * *
You block the wight's attack.
You barely miss the fire elemental.
The fire elemental is heavily damaged.
The fire elemental hits you.
You hit the fire elemental but do no damage.
The fire elemental is heavily damaged.
The wight hits you from afar with a +0 halberd!
You die...

♣...♣♣♣.♣.♣)♣.♣.♣
.......♣.♣.♣...♣
♣...♣♣♣.♣.♣.♣.♣.♣
{
♣♣.♣♣#.♣.♣.♣♣.♣♣.♣
### #######♣.♣ ##
♣.♣ ♣♣♣♣♣♣.♣♣♣♣♣♣
♣...........♣
♣......).@).♣ {{
♣..+#####E).♣ {{
♣. #.W{{z#..♣ { ♣
#).{.O#..♣
#....e#....
#.....#..♣♣#
#.....#..♣ {
+#####+..♣ ..♣


You could see a deep elf pyromancer, a fire elemental (summoned), an ogre and a
wight.

Vanquished Creatures
  The ghost of Brunhilda the Chopper, an amateur HuGl (D:4)
  Grinder (D:4)
  A slime creature (D:7)
  Sigmund (D:2)
  2 steam dragons (D:6)
  An ice beast (D:7)
  2 ogres
  5 bullfrogs (D:7)
  2 scorpions
  5 wights (D:7)
  A howler monkey (D:5)
  2 hounds (D:4)
  3 jellies
  An orc priest (D:5)
  Crazy Yiuf (D:2)
  A sleepcap (D:6)
  Jessica (D:2)
  2 iguanas
  4 orc wizards
  7 gnolls
  6 adders
  A white imp (D:7)
  An ufetubus (D:7)
  A worm (D:2)
  3 dart slugs
  20 orcs
  2 ball pythons (D:4)
  13 endoplasms
  7 goblins
  8 hobgoblins
  3 jackals
  3 quokkas
  4 bats
  4 frilled lizards
  7 kobolds
  3 rats
130 creatures vanquished.

Vanquished Creatures (others)
  An orc wizard (D:7)
1 creature vanquished.

Grand Total: 131 creatures vanquished

Notes
Turn   | Place    | Note
-------+----------+-------------------------------------------
     0 | D:1      | Sabo the Formicid Fighter began the quest for the Orb.
     0 | D:1      | Reached XP level 1. HP: 18/18 MP: 1/1
   669 | D:1      | Reached XP level 2. HP: 24/24 MP: 2/2
  1109 | D:1      | Identified a scroll of acquirement
  1114 | D:1      | Acquired the +17 crystal plate armour "Taocim" {+Blink rF-
                  | rN++ rCorr}
  1135 | D:2      | Noticed Sigmund
  1341 | D:2      | Reached XP level 3. HP: 30/30 MP: 3/3
  1432 | D:2      | Killed Sigmund
  1433 | D:2      | Reached XP level 4. HP: 34/38 MP: 4/4
  1433 | D:2      | Reached XP level 5. HP: 39/43 MP: 5/5
  1525 | D:2      | Reached XP level 6. HP: 49/49 MP: 6/6
  1529 | D:2      | Found a runed translucent door.
  1530 | D:2      | Noticed Crazy Yiuf
  1542 | D:2      | Killed Crazy Yiuf
  1568 | D:2      | Identified the +7 hammer of the Revolution {speed, rPois}
  1641 | D:2      | Found Ohuox's General Store.
  1649 | D:2      | Bought a scroll of identify for 20 gold pieces
  1649 | D:2      | Bought a potion of heal wounds for 50 gold pieces
  1967 | D:2      | Noticed Jessica
  1974 | D:2      | Killed Jessica
  2557 | D:3      | Reached skill level 1 in Maces & Flails
  2586 | D:3      | Found an ornate altar of the Wu Jian Council.
  3100 | D:4      | Noticed an ogre
  3103 | D:4      | Killed an ogre
  3104 | D:4      | Reached skill level 2 in Maces & Flails
  3104 | D:4      | Reached skill level 5 in Armour
  3104 | D:4      | Reached XP level 7. HP: 55/55 MP: 7/7
  3348 | D:4      | Reached skill level 3 in Maces & Flails
  3394 | D:4      | Found a runed translucent gate.
  3394 | D:4      | Found a runed translucent gate.
  3395 | D:4      | Found a runed translucent gate.
  3397 | D:4      | Noticed Brunhilda's ghost (amateur HuGl)
  3415 | D:4      | Killed Brunhilda's ghost
  3416 | D:4      | Reached skill level 4 in Maces & Flails
  3416 | D:4      | Reached skill level 5 in Shields
  3492 | D:4      | Noticed Grinder
  3503 | D:4      | Killed Grinder
  3504 | D:4      | Reached skill level 5 in Fighting
  3504 | D:4      | Reached skill level 5 in Maces & Flails
  3504 | D:4      | Reached XP level 8. HP: 62/62 MP: 8/8
  3530 | D:4      | Found a glowing silver altar of Zin.
  3727 | D:4      | Found a glowing golden altar of the Shining One.
  3944 | D:5      | Entered Level 5 of the Dungeon
  4465 | D:5      | Reached skill level 6 in Maces & Flails
  4980 | D:6      | Found a shadowy altar of Dithmenos.
  4990 | D:6      | Became a worshipper of Dithmenos the Shadowed
  5135 | D:6      | Reached XP level 9. HP: 60/68 MP: 9/9
  5254 | D:6      | Found a sparkling altar of Nemelex Xobeh.
  5318 | D:6      | Found a white marble altar of Elyvilon.
  5593 | D:6      | Found a faded altar of an unknown god.
  5593 | D:6      | Found a bloodstained altar of Trog.
  5601 | D:6      | Found a hide-covered altar of Uskayaw.
  5604 | D:6      | Found a blossoming altar of Fedhas.
  5606 | D:6      | Found a stormy altar of Qazlal.
  5674 | D:6      | Reached skill level 7 in Maces & Flails
  5674 | D:6      | Reached skill level 1 in Stealth
  6055 | D:7      | Noticed a deep elf pyromancer
  6079 | D:7      | Reached skill level 8 in Maces & Flails
  6114 | D:7      | Reached skill level 9 in Maces & Flails
  6142 | D:7      | HP: 1/69 [fire elemental[a deep elf pyromancer] (21)]
  6146 | D:7      | Slain by a wight

Illustrated notes

Levels and vault maps discovered:
D:1:      eino_arrival_druids_welcome, layout_rooms, serial_co_window_serial,
          co_window_paths_a, co_window_paths_b, co_window_of_opportunity_a,
          co_window_paths_a, co_window_corner_a, co_window_paths_a,
          co_window_unsneaky_path_a, co_window_cross_2, co_window_corner_cb,
          co_window_sun, co_window_4corner_a, glass_columns_b, glass_columns_a,
          glass_columns_a, glass_columns_b, minmay_misc_feat_ornament,
          minmay_pentomino_x4
D:2:      layout_loops_cross, serial_shops, nicolae_shop_hallway_stairs,
          uniq_jessica, uniq_sigmund, uniq_crazy_yiuf_cottage
D:3:      layout_basic, lemuel_tele_altar
D:4:      layout_basic, zin_statuary, tso_altar, ebering_ghost_rock_garden,
          corexii_leaking_fountain, palyth_stone_intersect, uniq_grinder
D:5:      layout_basic
D:6:      layout_basic, nicolae_dithmenos_the_darkroom,
          nemelex_spade_bored_becter, elyvilon_altar_5,
          chequers_temple_overflow_minitemple
D:7:      nzn_winding_woodlands_large [nzn_winding_woodlands_5x5_checkerboard,
          nzn_winding_woodlands_5x15_split_checker,
          nzn_winding_woodlands_5x5_open_star,
          nzn_winding_woodlands_center_triple_pond,
          nzn_winding_woodlands_15x15_killbox,
          nzn_winding_woodlands_center_lodge,
          nzn_winding_woodlands_5x5_perimeter, nzn_winding_woodlands_5x15_cabin,
          nzn_winding_woodlands_5x5_default], layout_rooms, temple_statues

Skill      XL: |  1  2  3  4  5  6  7  8  9 |
---------------+----------------------------+-----
Fighting       | 4 5 6 |  6.0
Axes           | 3 4 |  4.0
Armour         | 4 5 6 7 |  7.1
Maces & Flails | 2 5 6 9 |  9.0
Shields        | 5 |  5.9
Stealth        | 1 |  1.0

Action                     |  1- 3 |  4- 6 |  7- 9 || total
---------------------------+-------+-------+-------++-------
  Melee: War axe           |    56 |    17 |       ||    73
         Mace              |       |    59 |   274 ||   333
    Use: Scroll            |     6 |     4 |     2 ||    12
         Potion            |       |       |     4 ||     4
 Armour: Scale mail        |     4 |       |       ||     4
         Crystal plate arm |    23 |    52 |   236 ||   311
         Chain mail        |    12 |       |       ||    12
  Dodge: Dodged            |    16 |     5 |    37 ||    58
  Block: Buckler           |     8 |    15 |    53 ||    76

Table legend: (Time is in decaauts)
 A = Elapsed time spent in this place.
 B = Non-inter-level travel time spent in this place.
 C = Inter-level travel time spent in this place.
 D = Time resting spent in this place.
 E = Time spent auto-exploring this place.
 F = Levels seen in this place.
 G = Mean time per level.
                   A        B        C        D        E       F      G
               +--------+--------+--------+--------+--------+-----+--------+
         Total |   6094 |   6094 |      0 |    489 |     52 |   7 |  870.6 |
       Dungeon |   6094 |   6094 |      0 |    489 |     52 |   7 |  870.6 |
               +--------+--------+--------+--------+--------+-----+--------+

Top non-repeatable levels by time:
     D:1: 1318 daAuts
     D:6: 1184 daAuts
     D:2: 949 daAuts
     D:3: 854 daAuts
     D:4: 829 daAuts
     D:5: 812 daAuts
     D:7: 146 daAuts
